 Dungeon Crawl Stone Soup version 0.17-a0-2070-g2a5e0a8 (webtiles) character file.

135 Sinocard the Slasher (level 4, -2/37 HPs)
             Began as a Centaur Gladiator on Oct 13, 2015.
             Killed from afar by Kramin's ghost (4 damage)
             ... with a magic dart
             ... on level 3 of the Dungeon on Oct 14, 2015.
             The game lasted 00:05:11 (2092 turns).

Sinocard the Slasher (Centaur Gladiator)            Turns: 2092, Time: 00:05:15

Health: -2/37      AC:  5    Str: 17    XL:     4   Next: 96%
Magic:  4/4        EV: 10    Int:  7    God:
Gold:   126        SH:  0    Dex: 11    Spells: 0 memorised, 3 levels left

rFire  . . .     SeeInvis .     a - +0 long sword
rCold  . . .     Clarity  .     b - +0 leather armour
rNeg   . . .     SustAt   +     (no shield)
rPois  .         Gourm    .     c - +0 helmet
rElec  .         Spirit   .     (no cloak)
rCorr  .         Warding  .     (no gloves)
rMut   .         Stasis   .     (no barding)
MR     +....                    (no amulet)
Stlth  +.........               r - ring of sustain attributes
                                n - ring of protection from magic

@: lethally poisoned (-2 -> -9), very quick, somewhat resistant to hostile
enchantments, very unstealthy
A: hooves 3, deformed body, speed 2, tough skin 3
a: no special abilities


You were on level 3 of the Dungeon.
You were very hungry.

You visited 1 branch of the dungeon, and saw 3 of its levels.

You collected 126 gold pieces.

Inventory:

Hand Weapons
 a - a +0 long sword (weapon)
Missiles
 d - 4 throwing nets (quivered)
Armour
 b - a +0 leather armour (worn)
 c - a +0 helmet (worn)
Jewellery
 n - a ring of protection from magic (left hand)
 q - an uncursed ring of see invisible {unknown}
 r - a ring of sustain attributes (right hand)
Scrolls
 g - 2 scrolls of fear {unknown}
 j - 2 scrolls of noise {unknown}
 k - 3 scrolls of amnesia {unknown}
 l - 2 scrolls of remove curse {unknown}
 m - a scroll of fog {unknown}
 o - 2 scrolls of random uselessness {unknown}
 p - 3 scrolls of identify {unknown}
Potions
 h - a potion of heal wounds
 i - a potion of brilliance {unknown}
Comestibles
 e - 2 bread rations
 f - a beef jerky
 s - a meat ration


   Skills:
 + Level 2.7 Fighting
 + Level 3.3 Long Blades
 + Level 2.1 Throwing
 + Level 1.5 Armour
 + Level 3.0 Dodging
 + Level 0.2 Stealth


You had 3 spell levels left.
You didn't know any spells.

Dungeon Overview and Level Annotations

Branches:
Dungeon (3/15)

Altars:
Sif Muna
Vehumet
Xom

Annotations:
D:3 Kramin's ghost, amateur TeCj


Innate Abilities, Weirdness & Mutations

You have hooves in place of feet.
Armour fits poorly on your strangely shaped body.
You cover ground very quickly.
You have extremely tough skin (AC +3).


Message History

Kramin's ghost is lightly damaged.
Kramin's ghost gestures at you while chanting.
The magic dart hits you!
* * * LOW HITPOINT WARNING * * *
You hit Kramin's ghost. You kick Kramin's ghost.
Kramin's ghost is lightly damaged.
Kramin's ghost hits you.
* * * LOW HITPOINT WARNING * * *
You are lethally poisoned!
You miss Kramin's ghost.
Kramin's ghost is lightly damaged.
* * * LOW HITPOINT WARNING * * *
You feel sick. Kramin's ghost barely misses you.
You closely miss Kramin's ghost.
Kramin's ghost is lightly damaged.
* * * LOW HITPOINT WARNING * * *
You feel sick.
Kramin's ghost gestures at you while chanting.
The magic dart hits you!
You die...

#.# #.# ..#
#.### #...#
###.# #.# #.#
# ######.##
#...#...#...#
#.8...8@..8.#
#...#.W.#...#
# ##.###...#
#.. ....#
...8 ..8..#
..#.. #....#
..###. ##...#
.. .. ##


You could see Kramin's ghost.

Vanquished Creatures
  A hound (D:3)
  An adder (D:2)
  4 gnolls (D:3)
  2 worms (D:2)
  2 giant geckos (D:3)
  4 bats
  6 goblins
  3 hobgoblins
  5 jackals
  7 kobolds
  A quokka (D:3)
  A ball python (D:3)
  2 giant cockroaches (D:3)
  2 giant newts (D:1)
  8 rats
49 creatures vanquished.

Notes
Turn   | Place    | Note
--------------------------------------------------------------
     0 | D:1      | Sinocard the Centaur Gladiator began the quest for the Orb.
     0 | D:1      | Reached XP level 1. HP: 17/17 MP: 1/1
   577 | D:1      | Reached XP level 2. HP: 24/24 MP: 2/2
   994 | D:2      | Reached skill level 3 in Long Blades
  1110 | D:2      | Reached XP level 3. HP: 29/29 MP: 3/3
  1257 | D:2      | Found a shimmering altar of Xom.
  1601 | D:3      | Found a radiant altar of Vehumet.
  1785 | D:3      | Reached skill level 1 in Armour
  1785 | D:3      | Reached XP level 4. HP: 16/37 MP: 4/4
  1929 | D:3      | Found a deep blue altar of Sif Muna.
  2082 | D:3      | Noticed Kramin's ghost (amateur TeCj)
  2092 | D:3      | Killed from afar by Kramin's ghost

Vault maps used:
D:1:      ncdulo_watergridlock, minmay_crystal_water
D:2:      overflow_temple_1_default, first_bread, kennysheep_small_spiral
D:3:      lemuel_doored_altar, kennysheep_path_1, minmay_misc_feat_four_crosses,
          led_sif_pool

Action                   |  1- 3 |  4- 6 || total
-------------------------+-------+-------++-------
Melee: Long sword        |   102 |    39 ||   141
  Use: Potion            |       |     5 ||     5
  Eat: Chunk             |     1 |       ||     1
